Frizzbo, neutral female gnomish Wizard ---------------- |>.....{.......| ##................#####-------- ------- # -------.-------- #-.mG.!(| |..{...###### # |@)[.)(| |.....| # ### |..]?f!| #......-#### # |.!..%?| ###------- # |./)/=(| # # # -------- ----|----### # |.^.....|# # |.......|# # |........#### -|--- |.......|# # ------------ |...| |........# ##-<.........| |.(.| --------- |...........##########|...| |..........| #-...| |......^...-###` |.{.| ------------ ----- Frizzbo the Conjurer Experience level: 3 Strength: 10 Dexterity: 15 Constitution: 14 Intelligence: 19 Wisdom: 9 Charisma: 8 Health: 0(20) Energy: 29(29) Def: 4 Gold: 318 Moves: 914 Dungeon seed: FDvgkkjcXvMss_MO Game ID: Frizzbo_1465933925 Your Inventory: Coins $ - 318 gold pieces Weapons a - a blessed +1 quarterstaff (weapon in hands) Armor e - an uncursed +0 cloak of magic resistance (being worn) q - an uncursed +0 studded leather armor (being worn) Scrolls i - an uncursed scroll of genocide j - an uncursed scroll of destroy armor k - an uncursed scroll of teleportation p - an uncursed scroll of identify Spellbooks l - a blessed spellbook of force bolt m - an uncursed spellbook of create monster Potions f - an uncursed potion of see invisible g - an uncursed potion of sleeping h - an uncursed potion of water Rings c - an uncursed ring of see invisible d - an uncursed ring of stealth Wands b - an uncursed wand of sleep (0:7) Spells and supernatural/magical abilities: Name Level Category Fail Memory a - force bolt 1 attack 0% 96% O - create monster 2 clerical 47% 96% W - pray for help -- divine ? -- Your skills at the end: Fighting Skills Weapon Skills quarterstaff [Basic] Spellcasting Skills attack spells [Basic] enchantment spells [Basic] Final Attributes: You were devoutly aligned. You were magic-protected. You had infravision. You are dead. Vanquished creatures: a small mimic 2 jackals a kobold 3 grid bugs 3 lichens 2 kobold zombies 12 creatures vanquished. Voluntary challenges: You followed a strict vegan diet. You were an atheist. You used a wielded weapon 28 times, starting on turn 57. You were illiterate. You never genocided any monsters. You never polymorphed an object. You never changed form. You used no wishes. You never split a pudding. You never wrote Elbereth's name. You never violated your personal moral code. Dungeon overview: The Dungeons of Doom: levels 1 to 2 Level 1 a fountain a long staircase Level 2 <- You were here a general store, some fountains History has recorded: On T:1 you entered the Dungeons of Doom to retrieve the Amulet of Yendor! On T:421 you advanced to experience level 2. On T:566 you reached level 2 of The Dungeons of Doom. On T:894 you advanced to experience level 3. Score breakdown: Gold: 318 ( 8517 points) Experience: 3 levels ( 7878 points) Exploration: 2 levels ( 3.77%) ( 4160 points) Discoveries: 0 items ( 0.00%) ( 0 points) Valuables value: (no points given unless you survive) Artifact value: 0 ( 0 points) Variety of kills: 6 monsters ( 1.57%) ( 3764 points) Turncount: 914 turns ( 0 points) Survival: died (score multiplied by 80%) Total score: 19455 Latest messages: Welcome to experience level 3. You see here a stout spear (4 zorkmids). You see here a blindfold (26 zorkmids). You see here a food ration (60 zorkmids). You see here a dark potion (133 zorkmids). Wait! That's a small mimic! You see here a stout spear (4 zorkmids). Taco picks up a lock pick. You see here a stout spear (4 zorkmids). You see here a dark potion (133 zorkmids). Taco drops a lock pick. You are beginning to feel hungry. You see here a food ration (120 zorkmids). You hit the small mimic. Taco picks up a scroll of teleportation. You hit the small mimic. (2x) Taco drops a scroll of teleportation. You miss the small mimic. The small mimic hits! You hit the small mimic! You hit the small mimic. You miss the small mimic. You hit the small mimic! The small mimic hits! You die... Manlobbi gratefully inherits all your possessions. Final status: Goodbye Frizzbo the Wizard, killed by a small mimic... You died in The Dungeons of Doom on dungeon level 2 with 19455 points, and 318 pieces of gold, after 914 moves. You were level 3 with a maximum of 20 hit points when you died.